 Dungeon Crawl Stone Soup version 0.31-a0-1139-gec03705108 (webtiles) character file.

Game seed: 3715388220569773729

125204 MacCMillion the Severer (level 16, -8/147 HPs)
             Began as a Ghoul Fighter on Dec 6, 2023.
             Was the Champion of Makhleb.
             Mangled by a shock serpent (10 damage)
             ... on level 2 of the Snake Pit.
             The game lasted 01:09:28 (33417 turns).

MacCMillion the Severer (Ghoul Fighter)            Turns: 33417, Time: 01:09:29

Health: -8/147     AC: 28    Str: 34    XL:     16   Next: 95%
Magic:  26/26      EV: 13    Int: 10    God:    Makhleb [******]
Gold:   2254       SH:  5    Dex:  8    Spells: 15/15 levels left

rFire   . . .        c - +0 broad axe (venom)
rCold   + . .        a - +1 buckler {AC+3}
rNeg    + + +        S - +0 plate armour
rPois   ∞            e - +1 hat "Ogamekk" {Rampage Int+3}
rElec   .            G - +0 cloak
rCorr   .            u - +2 pair of gloves
SInv    .            D - +1 pair of boots
Will    +....        C - amulet of regeneration Stlth
                     H - +6 ring of strength
HPRegen 0.00/turn    y - +5 ring of evasion
MPRegen 0.20/turn

%: rampage
@: inhibited regen
A: claws 1, cold resistance 1, negative energy resistance 3, inhibited
regeneration, torment resistance 2, devour on kill
a: Renounce Religion, Minor Destruction, Lesser Servant of Makhleb, Major
Destruction, Greater Servant of Makhleb


You were on level 2 of the Snake Pit.
You worshipped Makhleb.
Makhleb was exalted by your worship.
You visited 4 branches of the dungeon, and saw 25 of its levels.
You also visited: Ice Cave.

You collected 2675 gold pieces.
You spent 421 gold pieces at shops.

Inventory:

Hand Weapons
 c - a +0 broad axe of venom (weapon)
 P - a +3 trident of protection
Missiles
 R - a throwing net
Armour
 a - a +1 buckler of protection (worn)
 e - the +1 hat "Ogamekk" (worn) {Rampage Int+3}
   (You acquired it on level 1 of the Lair of Beasts)

   Int+3:     It affects your intelligence (+3).
   Rampage:   It bestows one free step when moving towards enemies.
 u - a +2 pair of gloves (worn)
 D - a +1 pair of boots (worn)
 G - a +0 cloak (worn)
 S - a +0 plate armour (worn)
 Y - a +0 kite shield
Jewellery
 n - an amulet of guardian spirit
 q - a ring of see invisible
 s - an amulet of magic regeneration
 y - a +5 ring of evasion (right hand)
 B - a +6 ring of strength
 C - an amulet of regeneration (around neck)
 H - a +6 ring of strength (left hand)
 X - a +6 ring of intelligence
Wands
 w - a wand of flame (29)
 M - a wand of digging (8)
 N - a wand of charming (12)
 Q - a wand of mindburst (2)
 T - a wand of light (4)
 Z - a wand of iceblast (12)
Scrolls
 f - 3 scrolls of amnesia
 h - 7 scrolls of vulnerability
 j - 3 scrolls of blinking
 k - a scroll of poison
 l - 7 scrolls of fog
 o - 2 scrolls of revelation
 v - 2 scrolls of enchant weapon
 x - 6 scrolls of fear
 A - 2 scrolls of noise
 I - 2 scrolls of enchant armour
 J - 2 scrolls of silence
 K - 3 scrolls of teleportation
 O - 2 scrolls of immolation
 U - a scroll of torment
Potions
 b - 3 potions of enlightenment
 d - 2 potions of attraction
 g - a potion of heal wounds
 i - a potion of berserk rage {unknown}
 m - 2 potions of resistance
 p - 2 potions of invisibility {unknown}
 r - 2 potions of haste
 t - 12 potions of curing
 z - 2 potions of cancellation
 E - 2 potions of brilliance {unknown}
 F - 4 potions of magic {unknown}
 L - a potion of experience {unknown}
 V - a potion of mutation {unknown}
 W - a potion of might


   Skills:
 - Level 14.9 Fighting
 + Level 16.8 Axes
 - Level 13.6 Armour
 - Level 4.0 Shields
 - Level 14.7 Invocations
 - Level 3.0 Evocations


You had 15 spell levels left.
You didn't know any spells.
Your spell library contained the following spells:

 Spells                   Type           Power      Damage    Failure   Level
 Freeze                   Ice            0%         1d3       91%         1
 Kiss of Death            Conj/Necr      0%         2d5       91%         1
 Magic Dart               Conj           0%         1d3       91%         1
 Necrotise                Necr           0%         1d4       91%         1
 Sandblast                Erth           0%         2d4       91%         1
 Shock                    Conj/Air       0%         1d3       91%         1
 Sting                    Tmut/Pois      0%         1d3       91%         1
 Summon Small Mammal      Summ           0%         N/A       91%         1
 Blink                    Tloc           0%         N/A       97%         2
 Call Imp                 Summ           0%         N/A       97%         2
 Cigotuvi's Dreadful Rot  Necr/Pois/Air  0%         N/A       97%         2
 Lesser Beckoning         Tloc           0%         N/A       97%         2
 Momentum Strike          Conj/Tloc      0%         3d8       97%         2
 Passwall                 Tmut/Erth      0%         N/A       97%         2
 Poisonous Vapours        Pois/Air       0%         N/A       97%         2
 Searing Ray              Conj           0%         2d4       97%         2
 Call Canine Familiar     Summ           0%         N/A       99%         3
 Confusing Touch          Hex            0%         N/A       99%         3
 Dazzling Flash           Conj/Hex       0%         N/A       99%         3
 Frozen Ramparts          Ice            0%         1d1       99%         3
 Hailstorm                Conj/Ice       0%         3d5       99%         3
 Ignite Poison            Fire/Tmut/Pois 0%         N/A       99%         3
 Mephitic Cloud           Conj/Pois/Air  0%         N/A       99%         3
 Ozocubu's Armour         Ice            0%         N/A       99%         3
 Stone Arrow              Conj/Erth      0%         3d7       99%         3
 Summon Guardian Golem    Hex/Summ       0%         N/A       99%         3
 Swiftness                Air            0%         N/A       99%         3
 Tukima's Dance           Hex            0%         N/A       99%         3
 Airstrike                Air            0%         2d(0-16)  100%        4
 Animate Armour           Summ/Erth      0%         N/A       100%        4
 Brom's Barrelling Bould  Conj/Erth      0%         2d3       100%        4
 Dimensional Bullseye     Hex/Tloc       0%         N/A       100%        4
 Dispel Undead            Necr           0%         3d6       100%        4
 Fulminant Prism          Conj/Hex       0%         3d5       100%        4
 Iskenderun's Mystic Bla  Conj/Tloc      0%         2d3       100%        4
 Olgreb's Toxic Radiance  Pois           0%         N/A       100%        4
 Summon Lightning Spire   Summ/Air       0%         N/A       100%        4
 Agony                    Necr           0%         N/A       100%        5
 Borgnjor's Vile Clutch   Necr/Erth      0%         N/A       100%        5
 Freezing Cloud           Conj/Ice/Air   0%         6-21      100%        5
 Lee's Rapid Deconstruct  Erth           0%         3d4*      100%        5
 Metabolic Englaciation   Hex/Ice        0%         N/A       100%        5
 Silence                  Hex/Air        0%         N/A       100%        5
 Conjure Ball Lightning   Conj/Air       0%         3x3d6     100%        6
 Simulacrum               Ice/Necr       0%         N/A       100%        6
 Ozocubu's Refrigeration  Ice            0%         4d7       100%        7
 Discord                  Hex            0%         N/A       100%        8
 Disjunction              Tloc           0%         N/A       100%        8


Dungeon Overview and Level Annotations

Branches:
Dungeon (15/15)            Temple (0/1) D:7            Lair (5/5) D:9
  Swamp (0/4) Lair:3        Snake (3/4) Lair:3        Slime (0/5) Lair:5
    Orc (2/2) D:11            Elf (0/3) Orc:2        Vaults (0/5) D:13
 Depths (0/4) D:15          IceCv (visited)

Altars:
Ashenzari
Cheibriados
Dithmenos
Kikubaaqudgha
Makhleb
Nemelex Xobeh
Okawaru
Qazlal
Ru
Sif Muna
Trog
Vehumet
Wu Jian
Xom
Yredelemnul

Shops:
D:2 [   D:5 [   D:11 (   Orc:1 !   Orc:2 *:[[

Portals:
Trove: D:14 (lose all piety)

Annotations:
D:6 Dowan, Duvessa


Innate Abilities, Weirdness & Mutations

You are immune to poison.
You have sharp fingernails.
Your flesh is cold resistant. (rC+)
You are immune to negative energy. (rN+++)
You do not regenerate when monsters are visible.
You are immune to unholy pain and torment.
You thrive by killing the living.


Message History

The naga spits poison at you.
The splash of poison hits you but does no damage.
You resist.
The shock serpent shoots out a bolt of lightning at you!
The bolt of electricity misses you.
The shock serpent attacks as it pursues you!
The shock serpent bites you. The shock serpent shocks you!
There is a stone staircase leading up here.
The shock serpent shoots out a bolt of lightning at you!
The bolt of electricity hits you!! The shock serpent bites you.
The shock serpent shocks you!
You climb upwards.
There is a stone staircase leading down here.
You miss the shock serpent. You block the shock serpent's attack.
You miss the shock serpent.
The shock serpent shoots out a bolt of lightning at you!
The bolt of electricity hits you! The bolt of electricity hits you!!
You closely miss the shock serpent.
The shock serpent shoots out a bolt of lightning at you!
The bolt of electricity hits you!!
* * * LOW HITPOINT WARNING * * *
The bolt of electricity hits you!!
* * * LOW HITPOINT WARNING * * *
You feel much better. The shock serpent barely misses you.
The shock serpent bites you but does no damage.
The shock serpent bites you but does no damage.
You slash the shock serpent!
The shock serpent is poisoned.
The shock serpent is lightly wounded.
The shock serpent's electric aura discharges, shocking you!
The shock serpent bites you but does no damage.
You closely miss the shock serpent.
The shock serpent is lightly wounded.
The shock serpent bites you.
* * * LOW HITPOINT WARNING * * *
The shock serpent shocks you!
* * * LOW HITPOINT WARNING * * *
The shock serpent bites you!
* * * LOW HITPOINT WARNING * * *
The shock serpent shocks you!
You die...

#..#.#.####.#.#.####.###..###....
.....#.#.>#.#.######..#..##......
#..###.#.##.#.###..##.#..........
####.#.##..##.#....##...........[
.....##.####.##...........####...
......##....##.........##..####..
.......######........####...###..
............#......<..###....##..
...........###.>@.......#.......#
.....).....# #..S...............#
...........# ##...)[..#.#(.......
........##.# #.........#........
........##.# ##.......#.........
.....[.##..### ##.)....#.#.....#.
....###...#..#####.)...###....##.
..### ##.####.....#....##.#..##..
.## #.# ##....[#...#######...


You could see a shock serpent (very poisoned).

Vanquished Creatures
  Kirke (D:13)
  A nagaraja (Snake:2)
  A stone giant (D:15)
  Nessos (Lair:3)
  An ogre mage (D:15)
  3 hydras
  3 centaur warriors
  2 boulder beetles
  An alligator (Lair:1)
  11 two-headed ogres
  4 anacondas
  A catoblepas (Lair:5)
  A deep troll shaman (Lair:5)
  5 naga warriors
  A tengu warrior (D:15)
  4 death yaks
  4 orc high priests (Orc:2)
  5 naga sharpshooters (Snake:1)
  5 shock serpents
  Sonja (D:12)
  3 skeletal warriors
  Amaemon (Lair:3)
  2 skysharks
  A lindwurm (Lair:1)
  6 deep elf pyromancers
  A phantasmal warrior (D:14)
  An arcanist (D:15)
  3 naga ritualists
  3 orc knights
  A harpy (shapeshifter) (D:15)
  Pikel (D:8)
  5 mana vipers (Snake:1)
  A cyclops (D:15)
  A deep elf zephyrmancer (Orc:2)
  6 orc sorcerers (Orc:2)
  4 ugly things
  3 salamanders
  2 manticores
  9 elephants
  27 black mambas
  An ice statue (IceCv)
  8 naga magi
  A torpor snail (Lair:2)
  2 unseen horror zombies (D:10)
  Maggie (Lair:1)
  6 cane toads
  8 rime drakes
  An orange demon (Lair:3)
  2 efreet (D:15)
  6 komodo dragons
  2 kobold demonologists
  8 trolls
  A hornet (shapeshifter) (D:13)
  A queen bee (shapeshifter) (D:15)
  8 polar bears
  4 meliai
  Prince Ribbit (D:8)
  18 blink frogs
  3 hornets
  5 dream sheep (Lair:5)
  3 vampires (D:10)
  A slime creature (D:14)
  4 shadows
  2 wyverns
  36 yaks
  2 hogs (D:13)
  7 wraiths
  3 basilisks
  5 steam dragons
  2 vampire mosquitoes (D:13)
  11 wargs
  Menkaure (D:6)
  An acid dragon (D:10)
  32 nagas
  10 water moccasins
  10 orc warriors
  A swamp drake (Orc:2)
  An ice beast (D:3)
  4 black bears
  11 ogres
  18 wolves
  8 centaurs
  2 kobold brigands
  2 phantoms
  Blork the orc (D:6)
  10 bullfrogs
  2 necrophages (D:4)
  5 scorpions
  11 wights
  14 killer bees
  4 howler monkeys
  8 centaur zombies
  4 electric eels
  A crimson imp (Orc:2)
  A human zombie (D:4)
  7 jellies
  An iron imp (Orc:2)
  4 hounds
  19 orc priests
  5 iguanas
  A sleepcap (D:6)
  Jessica (D:3)
  A gnoll bouda (D:5)
  A scorpion zombie (D:4)
  Ijyb (D:4)
  24 orc wizards
  A hell rat (Lair:2)
  A hound zombie (D:4)
  A mummy (D:4)
  A howler monkey zombie (D:10)
  10 gnolls
  7 adders
  4 shadow imps
  4 white imps
  2 ufetubi (D:5)
  4 adder zombies (D:4)
  A worm (D:8)
  3 dart slugs
  86 orcs
  6 ball pythons
  9 bats
  10 endoplasms
  5 giant cockroaches
  6 goblins
  6 hobgoblins
  6 jackals (D:2)
  15 kobolds
  3 quokkas
  A frilled lizard (D:2)
  4 rats
723 creatures vanquished.

Vanquished Creatures (collateral kills)
  A frost giant (IceCv)
  A dire elephant (Lair:2)
  A death knight (D:14)
  2 centaur warriors (D:14)
  6 death yaks
  A fire crab (Lair:2)
  A skeletal warrior (D:13)
  An orc sorcerer (Orc:1)
  9 ugly things (D:14)
  A black mamba (Lair:2)
  A freezing wraith (D:14)
  2 rime drakes (IceCv)
  3 slime creatures (D:14)
  2 yaks (IceCv)
  A yak (shapeshifter) (D:14)
  A wyvern (Lair:2)
  3 orc warriors (Orc:1)
  A wolf (IceCv)
  2 orc priests (Orc:1)
  An orc wizard (Orc:1)
  4 orcs (Orc:1)
45 creatures vanquished.

Vanquished Creatures (others)
  6 humans
  2 killer bees (D:7)
  2 orc wizards (Orc:2)
10 creatures vanquished.

Grand Total: 778 creatures vanquished

Notes
Turn   | Place    | Note
-------+----------+-------------------------------------------
     0 | D:1      | MacCMillion the Ghoul Fighter began the quest for the Orb.
     0 | D:1      | Reached XP level 1. HP: 19/19 MP: 0/0
    96 | D:1      | Reached skill level 2 in Axes
   150 | D:1      | Reached XP level 2. HP: 26/26 MP: 1/1
   645 | D:1      | Reached XP level 3. HP: 31/31 MP: 2/2
   776 | D:2      | Identified the +3 short sword "Suycku Kotick" {flame,
                  | +Blink rElec Will+ Str+3}
  1315 | D:2      | Reached XP level 4. HP: 38/38 MP: 3/3
  1345 | D:2      | Found Bim Ekhluu's Antique Armour Shoppe.
  1558 | D:2      | Reached skill level 3 in Axes
  1971 | D:3      | Reached XP level 5. HP: 32/45 MP: 4/4
  2186 | D:3      | Noticed an ice beast
  2202 | D:3      | Killed an ice beast
  2203 | D:3      | Reached skill level 4 in Axes
  2360 | D:3      | Noticed Jessica
  2366 | D:3      | Killed Jessica
  2367 | D:3      | Reached XP level 6. HP: 20/51 MP: 5/5
  2551 | D:3      | Found a faded altar of an unknown god.
  2707 | D:4      | Reached skill level 5 in Axes
  2842 | D:4      | Noticed Ijyb
  2990 | D:4      | Killed Ijyb
  3715 | D:4      | Found a broken altar of Ashenzari.
  3720 | D:4      | Saw a vision of the Swamp and the Snake Pit.
  3720 | D:4      | Noticed a bunyip
  3720 | D:4      | Noticed an anaconda
  3720 | D:4      | Noticed a fenstrider witch
  3720 | D:4      | Noticed a naga mage
  3720 | D:4      | Noticed a bog body
  3720 | D:4      | Noticed a goliath frog
  3720 | D:4      | Noticed a naga
  3720 | D:4      | Noticed a bloated husk
  3720 | D:4      | Noticed a naga
  3720 | D:4      | Noticed a naga warrior
  3720 | D:4      | Noticed a black mamba
  3720 | D:4      | Noticed a will-o-the-wisp
  3720 | D:4      | Noticed a goliath frog
  3720 | D:4      | Noticed a swamp drake
  3720 | D:4      | Noticed a naga
  3720 | D:4      | Noticed a naga mage
  3721 | D:4      | Noticed a fenstrider witch
  3721 | D:4      | Noticed a black mamba
  3721 | D:4      | Noticed a naga
  3722 | D:4      | Noticed a spriggan druid
  3722 | D:4      | Noticed a shambling mangrove
  3931 | D:4      | Reached XP level 7. HP: 48/57 MP: 6/6
  3981 | D:4      | Reached skill level 6 in Axes
  4214 | D:4      | Found a basalt altar of Yredelemnul.
  4226 | D:4      | Reached skill level 7 in Axes
  4379 | D:5      | Entered Level 5 of the Dungeon
  4678 | D:5      | Found Finuuter's Armour Emporium.
  4881 | D:5      | Reached XP level 8. HP: 63/63 MP: 7/7
  4932 | D:5      | Reached skill level 8 in Axes
  5839 | D:5      | Found Finuuter's Armour Emporium.
  6569 | D:6      | Identified the +0 hand axe "Calionam" {heavy, rPois rF-
                  | SInv}
  6599 | D:6      | Found an ornate altar of the Wu Jian Council.
  6602 | D:6      | Noticed Menkaure
  6606 | D:6      | Reached skill level 9 in Axes
  6654 | D:6      | Killed Menkaure
  6710 | D:6      | Noticed Blork the orc
  6720 | D:6      | Killed Blork the orc
  6789 | D:6      | Reached skill level 10 in Axes
  6789 | D:6      | Reached XP level 9. HP: 64/70 MP: 8/8
  6877 | D:6      | Found a shimmering altar of Xom.
  6878 | D:6      | Found a shimmering altar of Xom.
  6878 | D:6      | Found a shimmering altar of Xom.
  6878 | D:6      | Found a shimmering altar of Xom.
  6878 | D:6      | Found a shimmering altar of Xom.
  6936 | D:6      | Found a radiant altar of Vehumet.
  6936 | D:6      | Noticed Duvessa
  6936 | D:6      | Noticed Dowan
  6962 | D:6      | Found a shimmering blue altar of Sif Muna.
  7094 | D:7      | Found a burning altar of Makhleb.
  7378 | D:7      | Reached skill level 5 in Fighting
  7533 | D:7      | Found a shadowy altar of Dithmenos.
  7644 | D:7      | Became a worshipper of Makhleb the Destroyer
  7721 | D:7      | Found a staircase to the Ecumenical Temple.
  8113 | D:7      | Identified the +1 spear "Beetleslayer" {freeze, rPois}
  8324 | D:8      | Reached skill level 5 in Armour
  8324 | D:8      | Reached XP level 10. HP: 83/83 MP: 9/9
  8425 | D:8      | Noticed Pikel
  8503 | D:8      | Reached skill level 11 in Axes
  8562 | D:8      | Killed Pikel
  8592 | D:8      | Found a stormy altar of Qazlal.
  8596 | D:8      | Noticed Prince Ribbit
  8604 | D:8      | Killed Prince Ribbit
  8743 | D:8      | Found a snail-covered altar of Cheibriados.
  9106 | D:8      | Found a sparkling altar of Nemelex Xobeh.
  9106 | D:8      | Found a bloodstained altar of Trog.
  9222 | D:8      | Reached * piety under Makhleb
  9628 | D:9      | Found an iron altar of Okawaru.
  9853 | D:9      | Found an ancient bone altar of Kikubaaqudgha.
  9918 | D:9      | You fall into a shaft and drop 3 floors!
  9919 | D:12     | Noticed a white ugly thing
  9924 | D:12     | Noticed a two-headed ogre
  9929 | D:11     | Found Pimi's Weapon Emporium.
  9939 | D:11     | Noticed a red ugly thing
  9952 | D:11     | Killed a red ugly thing
 10077 | D:11     | Noticed a two-headed ogre
 10087 | D:11     | Killed a two-headed ogre
 10088 | D:11     | Reached XP level 11. HP: 38/95 MP: 10/10
 10199 | D:10     | Entered Level 10 of the Dungeon
 10222 | D:10     | Reached skill level 12 in Axes
 10284 | D:9      | Found a staircase to the Lair.
 10303 | D:9      | Reached ** piety under Makhleb
 10320 | D:9      | Noticed a deep elf pyromancer
 10325 | D:9      | Noticed a manticore
 10330 | D:9      | Killed a manticore
 10340 | D:9      | Noticed a two-headed ogre
 10348 | D:9      | Killed a deep elf pyromancer
 10358 | D:9      | HP: 1/97 [two-headed ogre/+0 giant club (14)]
 10530 | D:9      | Noticed a centaur warrior
 10541 | D:9      | Killed a centaur warrior
 10984 | D:9      | Killed a two-headed ogre
 11085 | D:9      | Found a staircase to the Lair.
 11107 | D:9      | Found an iron altar of Okawaru.
 11386 | D:9      | Found an ancient bone altar of Kikubaaqudgha.
 11566 | D:10     | Noticed a two-headed ogre
 11575 | D:10     | Killed a two-headed ogre
 11925 | D:9      | Reached skill level 10 in Fighting
 12180 | D:10     | Reached XP level 12. HP: 84/106 MP: 11/11
 12336 | D:10     | Reached skill level 13 in Axes
 14228 | D:11     | Found a staircase to the Orcish Mines.
 14252 | D:11     | Reached *** piety under Makhleb
 14298 | D:11     | Reached skill level 10 in Armour
 14446 | D:11     | Identified the +0 scale mail "Syst" {rPois Regen+ Str+4
                  | Dex+3}
 14842 | Lair:1   | Entered Level 1 of the Lair of Beasts
 14876 | Lair:1   | Reached skill level 1 in Invocations
 14992 | Lair:1   | Noticed Maggie
 15013 | Lair:1   | Killed Maggie
 15485 | Lair:1   | Reached skill level 14 in Axes
 16338 | Lair:2   | Reached skill level 5 in Invocations
 16459 | Lair:2   | Noticed a skyshark
 16478 | Lair:2   | Killed a skyshark
 16479 | Lair:2   | Reached skill level 1 in Evocations
 16682 | Lair:2   | Reached XP level 13. HP: 113/113 MP: 15/15
 16843 | Lair:2   | Reached **** piety under Makhleb
 16924 | Lair:2   | Got the Vellum of Evil
 17637 | Lair:2   | Noticed a dire elephant
 17696 | Lair:1   | Identified a scroll of acquirement
 17704 | Lair:1   | Acquired the +1 hat "Ogamekk" {Rampage Int+3}
 17792 | Lair:3   | Found a staircase to the Swamp.
 18010 | Lair:3   | Noticed Nessos
 18137 | Lair:3   | Noticed Amaemon
 18613 | Lair:3   | Killed Amaemon
 18709 | Lair:3   | Killed Nessos
 19224 | Lair:3   | Found a staircase to the Snake Pit.
 19493 | Lair:3   | Reached skill level 15 in Axes
 20772 | Lair:5   | Entered Level 5 of the Lair of Beasts
 20988 | Lair:5   | Reached ***** piety under Makhleb
 21070 | Lair:5   | Reached XP level 14. HP: 121/121 MP: 20/20
 21270 | Lair:5   | Reached skill level 10 in Invocations
 21329 | Lair:5   | Found an iron altar of Okawaru.
 21502 | Lair:5   | Found a staircase to the Slime Pits.
 21665 | Lair:5   | Reached skill level 16 in Axes
 22502 | Lair:2   | Killed a dire elephant
 22874 | Orc:1    | Entered Level 1 of the Orcish Mines
 22895 | Orc:1    | Found a frozen archway.
 23022 | Orc:1    | Found Quymm's Distillery.
 23031 | Orc:1    | Bought a potion of resistance for 170 gold pieces
 23061 | IceCv    | Entered an ice cave
 23604 | IceCv    | Noticed a frost giant
 23627 | IceCv    | Killed a frost giant
 24158 | Orc:2    | Entered Level 2 of the Orcish Mines
 24346 | Orc:1    | Reached XP level 15. HP: 117/132 MP: 22/22
 24431 | Orc:2    | Found a staircase to the Elven Halls.
 25214 | Orc:2    | Found Vyblotti's General Store.
 25221 | Orc:2    | Bought a scroll of fear for 52 gold pieces
 25260 | Orc:2    | Found Poanekos's Armour Emporium.
 25455 | Orc:2    | Found the +2 hood of the Assassin {Detect Stab+ Stlth++}
 25527 | Orc:2    | Found Xefaor's Antique Armour Shoppe.
 25532 | Orc:2    | Bought a pair of faintly glowing gloves for 199 gold pieces
 25532 | Orc:2    | Identified the -2 pair of gloves of Free Expression
                  | {Slay+3} (You bought it in a shop on level 2 of the Orcish
                  | Mines)
 25588 | Orc:2    | Found Ewistric's Book Shoppe.
 26624 | D:12     | Noticed Sonja
 26672 | D:12     | Killed Sonja
 27030 | D:13     | Identified the +0 dagger of Uncertain Death {drain, rC+
                  | Int+2}
 27497 | D:13     | Noticed Kirke
 27502 | D:13     | Noticed a sphinx
 27514 | D:13     | Noticed a sphinx
 27515 | D:13     | Killed Kirke
 27769 | D:13     | Found a gate to the Vaults.
 28407 | D:14     | Found a portal to a secret trove of treasure.
 28531 | D:14     | Found a sacrificial altar of Ru.
 28992 | D:15     | Entered Level 15 of the Dungeon
 29170 | D:15     | Found a staircase to the Depths.
 29213 | D:15     | Reached XP level 16. HP: 128/145 MP: 25/25
 30424 | Snake:1  | Entered Level 1 of the Snake Pit
 30693 | Snake:1  | Reached ****** piety under Makhleb
 31388 | Snake:1  | Identified the +3 leather armour of Divine Tender Moments
                  | {Drain Str+4}
 32121 | Snake:2  | Noticed a nagaraja
 32137 | Snake:2  | Killed a nagaraja
 33413 | Snake:2  | HP: 1/147 [shock serpent/bolt of electricity (24)]
 33417 | Snake:2  | Mangled by a shock serpent

Illustrated notes

Levels and vault maps discovered:
D:1:      saegor_arrival_simple_a, layout_basic
D:2:      layout_basic, serial_shops, shop, minmay_pentomino_u4
D:3:      layout_basic, hellmonk_ecumenical_altar_inner_sanctum, uniq_jessica
D:4:      layout_cave_pools, lemuel_mausoleum_altar_yredelemnul,
          grunt_ashenzari_visionary [grunt_ashenzari_visionary_swamp,
          grunt_ashenzari_visionary_snake], uniq_ijyb
D:5:      layout_basic, serial_shops, nicolae_stop_n_shop_2
D:6:      layout_rooms, nicolae_sif_muna_little_library, pf_just_have_faith,
          xom_redecorated, nicolae_wu_jian_wuxing_cycle, uniq_duvessa,
          uniq_blork_the_orc, uniq_menkaure
D:7:      layout_rooms, nicolae_dithmenos_through_a_glass_darkly,
          mainiacjoe_overflow_small_starburst,
          minmay_temple_entry_statues_pillars, nrook_campfire
D:8:      layout_rooms, cheibrodos_worm_habitat,
          mainiacjoe_overflow_six_doors_small, gammafunk_temple_overflow_pools,
          minmay_misc_feat_ornament, uniq_prince_ribbit1, uniq_pikel
D:9:      layout_rooms, nicolae_overflow_crystal_walls, tgw_kikubaaqudgha,
          lair_entry_dummy, nicolae_doodle_vault
D:10:     layout_grid_maze, serial_undead, serial_undead_e, serial_undead_e,
          serial_undead_e, serial_undead_a
D:11:     layout_roguey, kennysheep_orc_monster_closet_entryway, serial_shops,
          nicolae_take_the_stairs
D:12:     layout_basic, uniq_sonja
D:13:     nicolae_cairo_tiling_large, layout_small_grid,
          hellmonk_vaults_attempted_burglary, drop_trap, uniq_kirke
D:14:     layout_basic, serial_library_regret_index_branch_corner,
          enter_trove_6, nicolae_ru_path_of_blood
D:15:     grunt_enter_depths_giant_problem, layout_basic, nicolae_sextant,
          minivault_24, statue_in_the_mist_lemuel
Lair:1:   layout_regular_city, nicolae_quartered_pool_little, uniq_maggie
Lair:2:   layout_gridlike, nicolae_lair_lakeside_cave
Lair:3:   layout_loops_ring, swamp_mist, alex1729_snake_entry_snake,
          disabler_island, uniq_amaemon, uniq_nessos
Lair:4:   layout_regular_city
Lair:5:   grunt_lair_end_beastmaster, layout_loops_ring,
          nicolae_slime_entry_slimehenge, basic_altar, lemuel_fruit_fields
Snake:1:  layout_rooms, grunt_ministairs_1, grunt_megastairs_5
Snake:2:  layout_chambers, nicolae_coiled_stairwell_down
Snake:3:  layout_cave_town, nicolae_snake_dead_anacondas, uniq_bai_suzhen
Orc:1:    layout_caves, serial_shops, shop, basic_altar,
          portal_ice_cave_entry_pillars_1
Orc:2:    st_orc_town, layout_caves, hangedman_minor_magic

Skill      XL: |  1  2  3  4  5  6  7  8  9 10 11 12 13 14 15 16 |
---------------+-------------------------------------------------+-----
Axes           | 2 3 4 5 7 10 11 12 14 15 16 | 16.8
Shields        | 3 4 |  4.0
Armour         | 5 7 8 10 11 12 13 | 13.6
Fighting       | 6 8 10 11 13 14 | 14.9
Invocations    | 5 9 11 13 14 | 14.7
Evocations     | 2 3 |  3.0

Action                     |  1- 3 |  4- 6 |  7- 9 | 10-12 | 13-15 | 16-18 || total
---------------------------+-------+-------+-------+-------+-------+-------++-------
  Melee: War axe           |   104 |   211 |   402 |   778 |  1597 |   355 ||  3447
         Trident           |       |       |       |       |    19 |     8 ||    27
         Broad axe         |       |       |       |       |       |   226 ||   226
 Invoke: Minor Destruction |       |       |       |    14 |     4 |       ||    18
         Lesser Servant of |       |       |       |       |    12 |     1 ||    13
         Greater Servant o |       |       |       |       |     3 |       ||     3
         Major Destruction |       |       |       |       |    12 |       ||    12
  Evoke: Wand              |       |       |     5 |     8 |     5 |       ||    18
    Use: Scroll            |       |     3 |     1 |     2 |    19 |     6 ||    31
         Potion            |       |       |     1 |       |     2 |     1 ||     4
   Stab: Distracted        |       |       |       |       |     1 |       ||     1
 Armour: Scale mail        |    86 |   141 |    41 |       |       |       ||   268
         Chain mail        |       |       |   237 |   517 |       |       ||   754
         Plate armour      |       |       |       |    69 |  1110 |   457 ||  1636
  Dodge: Dodged            |    57 |   103 |   305 |   486 |   840 |   279 ||  2070
  Block: Buckler           |    19 |    39 |    93 |   113 |   235 |   117 ||   616

Table legend: (Time is in decaauts)
 A = Elapsed time spent in this place.
 B = Non-inter-level travel time spent in this place.
 C = Inter-level travel time spent in this place.
 D = Time resting spent in this place.
 E = Time spent auto-exploring this place.
 F = Levels seen in this place.
 G = Mean time per level.
                   A        B        C        D        E       F      G
               +--------+--------+--------+--------+--------+-----+--------+
         Total |  32968 |  31084 |   1884 |   6775 |  16907 |  26 | 1268.0 |
       Dungeon |  19320 |  18072 |   1248 |   3351 |  11032 |  15 | 1288.0 |
          Lair |   7816 |   7439 |    377 |   2253 |   3365 |   5 | 1563.2 |
     Snake Pit |   2827 |   2742 |     85 |    582 |   1452 |   3 |  942.3 |
  Orcish Mines |   2315 |   2142 |    173 |    474 |    928 |   2 | 1157.5 |
      Ice Cave |    688 |    688 |      0 |    115 |    130 |   1 |  688.0 |
               +--------+--------+--------+--------+--------+-----+--------+

Top non-repeatable levels by time:
    D:10: 2559 daAuts
  Lair:2: 2229 daAuts
     D:5: 1978 daAuts
     D:9: 1792 daAuts
     D:4: 1680 daAuts
  Lair:3: 1655 daAuts
 Snake:2: 1585 daAuts
  Lair:5: 1491 daAuts
   Orc:2: 1461 daAuts
     D:8: 1414 daAuts
     D:3: 1356 daAuts
  Lair:1: 1249 daAuts
 Snake:1: 1235 daAuts
    D:15: 1190 daAuts
  Lair:4: 1189 daAuts
